 Dungeon Crawl Stone Soup version 0.30-a0-568-g124715a40b (webtiles) character file.

Game seed: 14723713669328692102

16296 PyroL the Frost Mage (level 12, -6/107 HPs)
             Began as a Grey Draconian Ice Elementalist on Dec 29, 2022.
             Was an Elder of Vehumet.
             Mangled by Snorg (16 damage)
             ... on level 10 of the Dungeon.
             The game lasted 00:32:22 (12499 turns).

PyroL the Frost Mage (DrIE)                        Turns: 12499, Time: 00:32:23

Health: -6/107     AC: 21    Str: 11    XL:     12   Next: 8%
Magic:  2/22       EV: 14    Int: 20    God:    Vehumet [****..]
Gold:   875        SH:  4    Dex: 18    Spells: 12/25 levels left

rFire   . . .      SeeInvis .    E - +6 flail
rCold   . . .      Faith    .    P - +0 buckler
rNeg    . . .      Spirit   .    (body armour unavailable)
rPois   .          Reflect  .    L - +2 hat
rElec   .          Harm     .    (no cloak)
rCorr   +          Rampage  .    (no gloves)
Will    .....                    f - +1 pair of boots
Stlth   +++                      D - amulet of the acrobat
HPRegen 0.37/turn                j - +4 ring of protection
MPRegen 0.18/turn                x - ring of Fylauss {rCorr Dex+6 Slay+3 Stlth+}

@: lethally poisoned (-6 -> -7), weak-willed
A: AC +13, amphibious, unfitting armour, cold-blooded
a: Renounce Religion


You were on level 10 of the Dungeon.
You worshipped Vehumet.
Vehumet was greatly pleased with you.
You visited 2 branches of the dungeon, and saw 12 of its levels.
You also visited: Ossuary.

You collected 875 gold pieces.

Inventory:

Hand Weapons
 E - a +6 flail (weapon)
Missiles
 a - a throwing net
 u - 11 poisoned darts
Armour
 f - a +1 pair of boots (worn)
 L - a +2 hat (worn)
 P - a +0 buckler (worn)
Jewellery
 j - a +4 ring of protection (left hand)
 s - a ring of positive energy
 x - the ring of Fylauss (right hand) {rCorr Dex+6 Slay+3 Stlth+}
   (You found it on level 2 of the Dungeon)

   [ring of dexterity]

   Dex:       It affects your dexterity (+6).
   Slay:      It affects your accuracy & damage with ranged weapons and melee
   (+3).
   rCorr:     It protects you from acid and corrosion.
   Stlth:     It makes you more stealthy.
 D - an amulet of the acrobat (around neck)
 J - a ring of fire
 O - an amulet of regeneration
Wands
 b - a wand of light (4)
 n - a wand of mindburst (9)
 B - a wand of iceblast (35)
 G - a wand of charming (4)
 I - a wand of polymorph (4)
 M - a wand of flame (26)
Scrolls
 g - 4 scrolls of enchant armour
 h - 2 scrolls of poison {unknown}
 k - 8 scrolls of enchant weapon
 l - 4 scrolls of blinking
 p - 2 scrolls of summoning
 q - 2 scrolls of vulnerability
 r - a scroll of identify
 v - a scroll of amnesia {unknown}
 w - 3 scrolls of fog {unknown}
 y - 3 scrolls of magic mapping {unknown}
 F - 2 scrolls of teleportation {unknown}
 K - a scroll of torment {unknown}
Potions
 c - a potion of heal wounds
 d - 12 potions of curing
 e - 4 potions of haste
 i - a potion of cancellation
 m - a potion of resistance
 o - a potion of might {unknown}
 t - 2 potions of attraction
 z - 2 potions of ambrosia
 A - 2 potions of mutation {unknown}
 C - 4 potions of berserk rage
 H - 2 potions of flight {unknown}
 N - a potion of lignification {unknown}


   Skills:
 + Level 10.5 Fighting
 - Level 5.0 Dodging
 - Level 1.7 Stealth
 - Level 7.0 Spellcasting
 - Level 7.1 Conjurations
 - Level 12.5 Ice Magic
 - Level 8.5 Earth Magic


You had 12 spell levels left.
You knew the following spells:

 Your Spells              Type           Power      Damage    Failure   Level
a - Freeze                Ice            100%       1d10      1%          1
b - Ozocubu's Armour      Ice            54%        N/A       1%          3
c - Frozen Ramparts       Ice            100%       1d16      1%          3
d - Mephitic Cloud        Conj/Pois/Air  16%        N/A       4%          3
e - Hailstorm             Conj/Ice       46%        3d11      1%          3

Your spell library contained the following spells:

 Spells                   Type           Power      Damage    Failure   Level
 Dazzling Flash           Conj/Hex       42%        N/A       2%          3
 Magic Dart               Conj           100%       1d8       1%          1
 Ice Form                 Ice/Tmut       32%        N/A       10%         4
 Summon Ice Beast         Ice/Summ       32%        N/A       10%         4
 Apportation              Tloc           14%        N/A       13%         1
 Call Imp                 Summ           7%         N/A       19%         2
 Portal Projectile        Hex/Tloc       14%        N/A       36%         3
 Tukima's Dance           Hex            7%         N/A       36%         3
 Simulacrum               Ice/Necr       16%        N/A       83%         6
 Alistair's Intoxication  Tmut/Pois      4%         N/A       98%         5
 Blade Hands              Tmut           3%         N/A       98%         5


Dungeon Overview and Level Annotations

Branches:
Dungeon (11/15)            Temple (1/1) D:6            Lair (0/5) D:10
    Orc (0/2) D:10        Ossuary (visited)

Altars:
Ashenzari
Cheibriados
Dithmenos
Elyvilon
Fedhas
Gozag
Hepliaklqana
Kikubaaqudgha
Makhleb
Nemelex Xobeh
Okawaru
Qazlal
Ru
Sif Muna
Trog
Uskayaw
Vehumet
Wu Jian
Xom
Yredelemnul
Zin
The Shining One

Shops:
D:9 *

Annotations:
D:10 Snorg
D:11 Maurice


Innate Abilities, Weirdness & Mutations

Your dull iron-grey scales are very hard. (AC +13)
You are amphibious.
You cannot fit into any form of body armour.
You are cold-blooded and may be slowed by cold attacks.


Message History

You block Snorg's attack. Snorg misses you.
The wall freezes Snorg!
Snorg misses you. Snorg claws you but does no damage. Snorg claws you!
* * * LOW HITPOINT WARNING * * *
Okay, then.
Blink to where?
Press: ? - help, Dir - move target, p - Snorg Your icy armour and frozen ramparts will break if you move.
Continue? [Y]es or [N]o only, please.
Your icy armour and frozen ramparts will break if you move.
Continue?
Your icy armour cracks and falls away as you move.
The frozen ramparts melt away as you move.
As you read the scroll labelled RUIRAY WAPLYFF, it crumbles to dust.
It was a scroll of blinking.
A poisoned dart appears from out of thin air!
The poisoned dart hits you!
You are poisoned.
You feel sick. You block Snorg's attack. Snorg misses you.
Snorg claws you but does no damage.
You climb upwards.
Reactivating autopickup.
You feel very sick.
There is a stone staircase leading down here.
As you read the scroll labelled SEJUOB GOXTE, it crumbles to dust.
Magic quickly surges around you.
It was a scroll of vulnerability.
You feel sick. Snorg completely misses you. You block Snorg's attack.
Snorg completely misses you. Snorg bites you but does no damage.
Snorg claws you but does no damage. x2
You feel much better.
You feel sick. Snorg bites you!!
* * * LOW HITPOINT WARNING * * *
Snorg claws you.
* * * LOW HITPOINT WARNING * * *
Snorg closely misses you.
Casting: Freeze (safe; 1% risk of failure)
Confirm with . or Enter, or press ? or * to list all spells.
You don't have enough magic to cast this spell.
You barely miss Snorg. You tail-slap Snorg.
Snorg is moderately wounded.
You feel sick. Snorg bites you!
* * * LOW HITPOINT WARNING * * *
Snorg claws you but does no damage. x2; Snorg bites you!
You die...

#..# #.### #....#....
###'####.# ##'######..
#(.......# #..........
#........####..........
#.....[..#..'..........
#........#.##..........
#........'.############
#......T>### #.....@[.#
##########


You could see Snorg (berserk, weak-willed).

Vanquished Creatures
  Gastronok (D:9)
  3 two-headed ogres
  Urug (D:10)
  Joseph (D:10)
  A kobold demonologist (D:10)
  A queen bee (D:10)
  11 yaks
  A wraith (D:10)
  2 steam dragons
  Menkaure (Ossuary)
  An acid dragon (D:10)
  5 water moccasins
  2 ice beasts
  5 black bears
  An orc warrior (D:10)
  2 sky beasts (D:7)
  An ogre (D:5)
  4 centaurs
  3 kobold brigands
  3 phantoms
  2 elf zombies (Ossuary)
  2 scorpions
  5 bullfrogs
  3 gnoll sergeants
  4 necrophages
  21 wights
  18 killer bees
  A howler monkey (D:6)
  3 centaur zombies (Ossuary)
  6 jellies
  3 hounds
  5 gnoll boudas
  6 orc priests
  4 iguanas
  4 orc wizards
  2 ogre zombies (Ossuary)
  6 mummies (Ossuary)
  Robin (D:3)
  26 gnolls
  10 adders
  A white imp (D:8)
  2 ufetubi
  A worm zombie (D:4)
  5 adder zombies (Ossuary)
  2 worms
  3 dart slugs
  33 orcs
  9 bats
  11 endoplasms
  6 giant cockroaches
  2 gnoll zombies
  14 goblins
  7 hobgoblins
  7 jackals
  22 kobolds
  6 quokkas
  3 ball pythons
  A frilled lizard (D:3)
  3 goblin zombies (Ossuary)
  6 hobgoblin zombies (Ossuary)
  3 kobold zombies (Ossuary)
  5 quokka zombies (Ossuary)
  3 rats
  A spectral orc (D:8)
338 creatures vanquished.

Vanquished Creatures (others)
  A black bear (D:5)
  2 scorpions (D:5)
  An iguana (D:5)
  An orc wizard (D:5)
  A dart slug (D:5)
  An orc (D:5)
  A bush (D:9)
  44 fungi (D:10)
  87 plants
139 creatures vanquished.

Grand Total: 477 creatures vanquished

Notes
Turn   | Place    | Note
-------+----------+-------------------------------------------
     0 | D:1      | PyroL the Draconian Ice Elementalist began the quest for
                  | the Orb.
     0 | D:1      | Reached XP level 1. HP: 14/14 MP: 3/3
   346 | D:1      | Reached XP level 2. HP: 20/20 MP: 3/5
   828 | D:2      | Found a faded altar of an unknown god.
  1244 | D:2      | Reached XP level 3. HP: 25/26 MP: 1/7
  1472 | D:2      | You fall into a shaft and drop 2 floors!
  1523 | D:4      | Learned a level 3 spell: Ozocubu's Armour
  1527 | D:4      | Learned a level 3 spell: Frozen Ramparts
  1536 | D:4      | Reached XP level 4. HP: 33/33 MP: 2/8
  1541 | D:4      | Found a shadowy altar of Dithmenos.
  1606 | D:4      | Found an ancient bone altar of Kikubaaqudgha.
  1644 | D:4      | Reached skill level 5 in Ice Magic
  1653 | D:4      | Noticed a phantom
  1668 | D:4      | Found a sand-covered staircase.
  1675 | Ossuary  | Entered an ossuary
  1809 | Ossuary  | Reached XP level 5. HP: 33/38 MP: 9/11
  1829 | Ossuary  | Reached skill level 1 in Fighting
  1925 | Ossuary  | Noticed Menkaure
  1940 | Ossuary  | Reached XP level 6. HP: 48/48 MP: 1/13
  1956 | Ossuary  | Killed Menkaure
  1957 | Ossuary  | Reached skill level 5 in Spellcasting
  2437 | Ossuary  | Your scales start taking on a dull iron-grey colour.
  2437 | Ossuary  | Reached XP level 7. HP: 56/60 MP: 14/14
  2509 | Ossuary  | Reached skill level 5 in Fighting
  3607 | D:2      | Identified the ring of Fylauss {rCorr Dex+6 Slay+3 Stlth+}
  3787 | D:3      | Identified the +0 dagger of the Magi {antimagic, rCorr}
  3887 | D:3      | Noticed Robin
  3892 | D:3      | Killed Robin
  4724 | D:4      | Found a glowing golden altar of the Shining One.
  4932 | D:5      | Entered Level 5 of the Dungeon
  4989 | D:5      | Reached skill level 6 in Ice Magic
  5188 | D:5      | Reached XP level 8. HP: 68/68 MP: 15/15
  5283 | D:5      | Found a radiant altar of Vehumet.
  5297 | D:5      | Became a worshipper of Vehumet
  5422 | D:5      | Found a shimmering altar of Xom.
  5557 | D:5      | Reached skill level 7 in Ice Magic
  5637 | D:5      | Reached skill level 5 in Dodging
  5879 | D:6      | Found a hide-covered altar of Uskayaw.
  5984 | D:6      | Reached * piety under Vehumet
  5984 | D:6      | Offered knowledge of Shock by Vehumet.
  6023 | D:6      | Reached skill level 8 in Ice Magic
  6041 | D:6      | Found a staircase to the Ecumenical Temple.
  6047 | Temple   | Entered the Ecumenical Temple
  6469 | D:6      | Reached skill level 9 in Ice Magic
  6469 | D:6      | Reached XP level 9. HP: 44/74 MP: 16/16
  6840 | D:6      | Offered knowledge of Scorch by Vehumet.
  6894 | D:6      | Found a hazy altar of Hepliaklqana.
  7043 | D:6      | Found a shimmering blue altar of Sif Muna.
  7392 | D:7      | Reached skill level 10 in Ice Magic
  7404 | D:7      | Reached ** piety under Vehumet
  8288 | D:7      | Reached XP level 10. HP: 81/81 MP: 19/19
  8963 | D:8      | Offered knowledge of Ignite Poison by Vehumet.
  8968 | D:8      | Reached skill level 11 in Ice Magic
  9138 | D:8      | Reached XP level 11. HP: 80/86 MP: 17/21
  9397 | D:8      | Reached *** piety under Vehumet
  9528 | D:8      | Found a basalt altar of Yredelemnul.
 10022 | D:9      | Noticed Gastronok
 10250 | D:9      | Found Geapeff's Lightly-Used Armoury.
 10314 | D:9      | Noticed a two-headed ogre
 10322 | D:9      | Killed a two-headed ogre
 10367 | D:9      | Found a glowing silver altar of Zin.
 10390 | D:9      | Killed Gastronok
 10391 | D:9      | Reached skill level 12 in Ice Magic
 10863 | D:9      | Found a sacrificial altar of Ru.
 10869 | D:9      | Offered knowledge of Mephitic Cloud by Vehumet.
 10879 | D:9      | Learned a level 3 spell: Mephitic Cloud
 11063 | D:10     | Entered Level 10 of the Dungeon
 11252 | D:10     | Noticed a two-headed ogre
 11326 | D:10     | Reached **** piety under Vehumet
 11327 | D:10     | Killed a two-headed ogre
 11387 | D:10     | Found a staircase to the Lair.
 11576 | D:10     | Noticed Joseph
 11686 | D:10     | Offered knowledge of Dazzling Flash by Vehumet.
 11696 | D:10     | Killed Joseph
 11782 | D:10     | Found an iron altar of Okawaru.
 11986 | D:10     | Found a staircase to the Orcish Mines.
 12036 | D:10     | Noticed Urug
 12056 | D:10     | Killed Urug
 12184 | D:10     | Learned a level 3 spell: Hailstorm
 12222 | D:10     | Reached XP level 12. HP: 106/106 MP: 20/22
 12238 | D:10     | Reached skill level 10 in Fighting
 12440 | D:11     | Noticed a two-headed ogre
 12450 | D:11     | Killed a two-headed ogre
 12466 | D:11     | Noticed Snorg
 12474 | D:11     | Noticed Maurice
 12499 | D:10     | Mangled by Snorg

Illustrated notes

Levels and vault maps discovered:
D:1:      saegor_arrival_simple_b, layout_loops_ring
D:2:      layout_basic, dreamdust_ecumenical_altar_statues
D:3:      layout_loops_ring, uniq_robin
D:4:      cheibrodos_helix_gallery, layout_gridville,
          nicolae_dithmenos_through_a_glass_darkly,
          nicolae_tso_carved_into_rock, overflow_temple_1_default,
          serial_rivers, chequers_serial_rivers_micro_b,
          chequers_serial_rivers_micro_b, chequers_serial_rivers_micro_b,
          chequers_serial_rivers_small_a, enter_ossuary_3,
          minmay_misc_feat_encased, serial_bayou_lagoon_a
D:5:      layout_gridville, xom_confusion_cloud, amcnicky_altar_gilded
D:6:      layout_basic, nzn_hepliaklqana_mist_gate, led_sif_pool,
          mainiacjoe_overflow_chevrons, minmay_temple_entry_enclosed_plants,
          serial_bayou_pond_d, minmay_fractal_squares_5
D:7:      layout_basic
D:8:      layout_loops_ring, yredelemnul_forgotten_temple_becter,
          minmay_starry_boxes
D:9:      layout_loops_ring, mainiacjoe_overflow_cross_hatched,
          nicolae_ru_great_annihilating_truth, minmay_shop_damaged,
          hangedman_decor_riveting, uniq_gastronok
D:10:     layout_roguey, kennysheep_mini, due_lair_maze_entry_diamond,
          orc_0_dummy, kennysheep_minor_cross, nicolae_looking_at_the_future,
          uniq_urug, uniq_joseph
D:11:     layout_basic, uniq_snorg, uniq_maurice
Temple:   eino_temple_lava

Skill      XL: |  1  2  3  4  5  6  7  8  9 10 11 12 |
---------------+-------------------------------------+-----
Spellcasting   | 3 4 5 6 7 |  7.0
Ice Magic      | 5 6 9 10 11 12 | 12.5
Fighting       | 2 4 5 9 10 | 10.5
Dodging        | 3 5 |  5.0
Conjurations   | 7 |  7.1
Earth Magic    | 8 |  8.5
Stealth        | |  1.7

Action                   |  1- 3 |  4- 6 |  7- 9 | 10-12 || total
-------------------------+-------+-------+-------+-------++-------
Melee: Dagger            |    33 |   276 |   237 |       ||   546
       Unarmed           |     1 |       |       |       ||     1
       Tailslap          |     5 |    59 |    67 |    35 ||   166
       Punch             |       |     3 |     5 |     1 ||     9
       Flail             |       |       |   200 |   209 ||   409
 Cast: Freeze            |    46 |    19 |    70 |    43 ||   178
       Ozocubu's Armour  |       |     6 |    13 |    24 ||    43
       Frozen Ramparts   |       |     3 |    14 |    37 ||    54
       Mephitic Cloud    |       |       |       |     7 ||     7
       Hailstorm         |       |       |       |     2 ||     2
  Use: Scroll            |     1 |       |    10 |     4 ||    15
       Potion            |       |     2 |     1 |     1 ||     4
 Stab: Sleeping          |     1 |     3 |    13 |     4 ||    21
       Distracted        |       |       |     1 |       ||     1
       Confused          |       |       |       |     2 ||     2
Armor: Skin              |    38 |   134 |   213 |   158 ||   543
Dodge: Dodged            |    42 |   174 |   338 |   282 ||   836
Block: Buckler           |       |       |       |    16 ||    16

Table legend: (Time is in decaauts)
 A = Elapsed time spent in this place.
 B = Non-inter-level travel time spent in this place.
 C = Inter-level travel time spent in this place.
 D = Time resting spent in this place.
 E = Time spent auto-exploring this place.
 F = Levels seen in this place.
 G = Mean time per level.
                   A        B        C        D        E       F      G
               +--------+--------+--------+--------+--------+-----+--------+
         Total |  12682 |  12237 |    445 |   1306 |   8094 |  13 |  975.5 |
       Dungeon |  11408 |  10963 |    445 |   1089 |   7540 |  11 | 1037.1 |
        Temple |     71 |     71 |      0 |      0 |     61 |   1 |   71.0 |
       Ossuary |   1202 |   1202 |      0 |    217 |    493 |   1 | 1202.0 |
               +--------+--------+--------+--------+--------+-----+--------+

Top non-repeatable levels by time:
     D:8: 1539 daAuts
    D:10: 1403 daAuts
     D:7: 1278 daAuts
     D:6: 1241 daAuts
 Ossuary: 1202 daAuts
     D:9: 1193 daAuts
     D:3: 1030 daAuts
     D:4: 955 daAuts
     D:5: 940 daAuts
     D:1: 928 daAuts
     D:2: 822 daAuts
    D:11: 74 daAuts
  Temple: 71 daAuts
